AoeStats
← Keyso0924

Black Forest

509880808Analyzed
3v3 RM · 3d ago on Sep 28, 2026· 11m 28s· 6 players
Game mode
Random Map
Map size
Normal (6 player)
Population
200
Speed
Normal
Resources
Standard
Victory
Conquest
Starting age
Dark Age
Ending age
Imperial Age
RankedLock teamsTeams togetherTeam positionsShared explorationLock speedFull tech treeHidden civsTurbo modeCheats
Victory
Defeat
🇨🇳 Japanese · China
1155
+18
🇧🇪 Wei · Belgium
1147
+19
🇹🇷 Franks · Türkiye
1125
+20
🇹🇼 Danes · Taiwan
1339
-24
🇮🇩 Persians · Indonesia
1157
-17
🇹🇼 Bohemians · Taiwan
1124
-16
46134864
9:15 Feudal Age
8:00 Loom
9:47 Man-at-Arms
Heretic Prophet
0:26 Loom
12:49 Feudal Age
hadibaaayım
1:11 Loom
11:39 Feudal Age
Keyso0924
0:45 Loom
13:00 Feudal Age
stevenmin830605
0:49 Loom
10:43 Feudal Age
11:07 Horse Collar
11:13 Double-Bit Axe
YDA
11:33 Feudal Age
Connection lost

Rejoining the realm…

Still unreachable

The connection could not be restored.

Session expired

The server has moved on; the page needs a fresh start.